 Dungeon Crawl Stone Soup version 0.27-a0-1136-g0b992a5a9d (webtiles) character file.

Game seed: 15355721418178464172

60 jestyr24 the Chiller (level 4, -7/30 HPs)
             Began as a Merfolk Ice Elementalist on May 4, 2021.
             Mangled by a hornet (8 damage)
             ... on level 5 of the Dungeon.
             The game lasted 00:11:18 (2090 turns).

jestyr24 the Chiller (Merfolk Ice Elementalist)     Turns: 2090, Time: 00:11:18

Health: -7/30      AC:  3    Str:  8    XL:     4   Next: 6%
Magic:  3/7        EV: 13    Int: 15    God:
Gold:   162        SH:  0    Dex: 16    Spells: 3/7 levels left

rFire    + . .     SeeInvis .   h - +2 mace (holy)
rCold    . . .     Faith    .   (no shield)
rNeg     . . .     Spirit   .   a - +0 robe
rPois    +         Reflect  .   (no helmet)
rElec    .         Harm     .   (no cloak)
rCorr    .         Rampage  +   (no gloves)
Will     .....                  m - +0 pair of boots "Nusuil" {Rampage rPois rF+ Dex+2}
Stlth    ++........             (no amulet)
HPRegen  0.10/turn              (no ring)
MPRegen  0.10/turn              (no ring)

@: lethally poisoned (-7 -> -13)
A: (nimble swimmer 2), mertail
a: no special abilities


You were on level 5 of the Dungeon.
You visited 1 branch of the dungeon, and saw 4 of its levels.

You collected 162 gold pieces.

Inventory:

Hand Weapons
 b - a +0 short sword
 d - a +0 dagger of venom
 h - a +2 mace of holy wrath (weapon)
Missiles
 e - 13 poisoned darts (quivered)
Armour
 a - a +0 robe (worn)
 m - the +0 pair of boots "Nusuil" (worn) {Rampage rPois rF+ Dex+2}
   (You found it on level 5 of the Dungeon)

   It affects your dexterity (+2).
   It protects you from fire.
   It protects you from poison.
   It bestows one free step when moving towards enemies.
Magical Staves
 f - a staff of air
 j - a staff of death
Scrolls
 c - 2 scrolls of teleportation {unknown}
 g - a scroll of identify {unknown}
 i - a scroll of immolation {unknown}
Potions
 k - a potion of ambrosia {unknown}
 l - a potion of haste {unknown}


   Skills:
 + Level 0.1 Fighting
 * Level 1.0 Throwing
 + Level 3.1 Dodging
 + Level 2.6 Stealth
 + Level 2.4 Spellcasting
 + Level 5.2 Ice Magic


You had 3 spell levels left.
You knew the following spells:

 Your Spells              Type           Power      Damage    Failure   Level
a - Freeze                Ice            68%        1d8       2%          1
b - Frozen Ramparts       Ice            34%        1d5       8%          3

Your spell library contained the following spells:

 Spells                   Type           Power      Damage    Failure   Level
 Ozocubu's Armour         Ice            17%        N/A       8%          3
 Hailstorm                Conj/Ice       9%         3d4       58%         4
 Metabolic Englaciation   Hex/Ice        4%         N/A       90%         5


Dungeon Overview and Level Annotations

Branches:
Dungeon (3/15)

Altars:

Annotations:
D:2 Sigmund


Innate Abilities, Weirdness & Mutations

((You are quick and stealthy near water. (Stealth+, EV+, Speed+++)))
Your lower body shifts to a powerful aquatic tail in water.


Message History

The hornet stings you.
Casting: Freeze (safe; 2% risk of failure)
Confirm with . or Enter, or press ? or * to list all spells.
Aiming: Freeze (safe; 2% risk of failure)
Press: ? - help, Shift-Dir - straight line, f/p - hornet
Aim: a hornet (lightly wounded, very poisoned)
You freeze the hornet.
The hornet is moderately wounded.
The hornet barely misses you.
Casting: Freeze (safe; 2% risk of failure)
Confirm with . or Enter, or press ? or * to list all spells.
Aiming: Freeze (safe; 2% risk of failure)
Press: ? - help, Shift-Dir - straight line, f/p - hornet
Aim: a hornet (moderately wounded, very poisoned)
You freeze the hornet.
The hornet is moderately wounded.
The hornet barely misses you. The hornet stings you!
Casting: Freeze (safe; 2% risk of failure)
Confirm with . or Enter, or press ? or * to list all spells.
Aiming: Freeze (safe; 2% risk of failure)
Press: ? - help, Shift-Dir - straight line, f/p - hornet
Aim: a hornet (heavily wounded, very poisoned)
You freeze the hornet.
The hornet is heavily wounded.
The hornet stings you!
* * * LOW HITPOINT WARNING * * *
You are lethally poisoned!
You feel yourself slow down.
Casting: Freeze (safe; 2% risk of failure)
Confirm with . or Enter, or press ? or * to list all spells.
Aiming: Freeze (safe; 2% risk of failure)
Press: ? - help, Shift-Dir - straight line, f/p - hornet
Aim: a hornet (severely wounded, poisoned)
You freeze the hornet.
The hornet is almost dead.
You feel yourself speed up.
* * * LOW HITPOINT WARNING * * *
You feel very sick. The hornet closely misses you. The hornet stings you!
You die...

#. ..# ..
### #. ..
#.###.#####
#..........
#..#...####
#..@.......
##.#y..####
#.##(##
#..#(# ##.#
# #.# #.#
#.# #.#


You could see a hornet (poisoned).

Vanquished Creatures
  A hound (D:5)
  3 endoplasms
  2 giant cockroaches
  2 goblins (D:1)
  4 hobgoblins (D:1)
  3 jackals (D:5)
  2 quokkas
  5 ball pythons
  A bat (D:1)
  A frilled lizard (D:1)
  2 kobolds (D:1)
  3 rats
29 creatures vanquished.

Notes
Turn   | Place    | Note
-------+----------+-------------------------------------------
     0 | D:1      | jestyr24 the Merfolk Ice Elementalist began the quest for
                  | the Orb.
     0 | D:1      | Reached XP level 1. HP: 13/13 MP: 3/3
   425 | D:1      | Reached XP level 2. HP: 19/19 MP: 5/5
   954 | D:1      | Found a faded altar of an unknown god.
  1268 | D:2      | Reached skill level 5 in Ice Magic
  1323 | D:2      | Reached XP level 3. HP: 24/24 MP: 6/6
  1406 | D:2      | Noticed Sigmund
  1691 | D:2      | Learned a level 3 spell: Frozen Ramparts
  1903 | D:3      | You fall into a shaft and drop 2 floors!
  1903 | D:5      | Entered Level 5 of the Dungeon
  1923 | D:5      | Identified the +0 pair of boots "Nusuil" {Rampage rPois rF+
                  | Dex+2}
  1934 | D:5      | Reached skill level 1 in Throwing
  1934 | D:5      | Reached XP level 4. HP: 16/30 MP: 0/7
  2084 | D:5      | Noticed a hornet
  2090 | D:5      | HP: 1/30 [poisoned by a hornet]
  2090 | D:5      | Mangled by a hornet

Illustrated notes

Levels and vault maps discovered:
D:1:      nzn_arrival_crosshair, layout_basic,
          ebering_ecumenical_altar_sacrificial
D:2:      layout_basic, hangedman_decor_growths, kennysheep_nondescript,
          minmay_lizard_king, uniq_sigmund, uniq_jessica
D:3:      minmay_door_path, layout_basic, nemelex_xobeh_ov_fountains_minmay,
          nicolae_vehumet_radiance, amcnicky_altar_gilded, serial_shops, shop,
          grunt_ministairs_6, minmay_misc_feat_five
D:5:      minmay_opposing_rooms, layout_loops_ring, fedhas_altar_fruit_tree,
          elyvilon_altar_5, nicolae_overflow_hidden_temple

Skill      XL: |  1  2  3 |
---------------+----------+-----
Dodging        | 3 |  3.1
Ice Magic      | 5 |  5.2
Throwing       | 1 |  1.0
Fighting       | |  0.1
Stealth        | |  2.6
Spellcasting   | |  2.4

Action                   |  1- 3 |  4- 6 || total
-------------------------+-------+-------++-------
Melee: Short sword       |     7 |       ||     7
       Dagger            |     6 |       ||     6
       Mace              |     9 |       ||     9
Throw: Dart              |       |     2 ||     2
 Cast: Freeze            |    27 |     4 ||    31
       Frozen Ramparts   |     1 |       ||     1
 Stab: Sleeping          |     4 |       ||     4
Armor: Robe              |     4 |       ||     4
Dodge: Dodged            |    42 |     3 ||    45

Table legend: (Time is in decaauts)
 A = Elapsed time spent in this place.
 B = Non-inter-level travel time spent in this place.
 C = Inter-level travel time spent in this place.
 D = Time resting spent in this place.
 E = Time spent auto-exploring this place.
 F = Levels seen in this place.
 G = Mean time per level.
                   A        B        C        D        E       F      G
               +--------+--------+--------+--------+--------+-----+--------+
         Total |   2092 |   2092 |      0 |    253 |   1087 |   4 |  523.0 |
       Dungeon |   2092 |   2092 |      0 |    253 |   1087 |   4 |  523.0 |
               +--------+--------+--------+--------+--------+-----+--------+

Top non-repeatable levels by time:
     D:1: 1260 daAuts
     D:2: 625 daAuts
     D:5: 188 daAuts
     D:3: 16 daAuts
